 Dungeon Crawl Stone Soup version 0.24.0-13-gcf9b319 (webtiles) character file.

Game seed: 14816816333537207156, levelgen mode: deterministic

76 Doobh the Bolt Thrower (level 4, -7/27 HPs)
             Began as a Kobold Hunter on Dec 10, 2019.
             Mangled by a gnoll
             ... wielding a +0 spear
              (8 damage)
             ... on level 2 of the Dungeon.
             The game lasted 00:05:39 (1483 turns).

Doobh the Bolt Thrower (Kobold Hunter)              Turns: 1483, Time: 00:05:40

Health: -7/27      AC:  3    Str:  9    XL:     4   Next: 57%
Magic:  4/4        EV: 15    Int: 12    God:
Gold:   72         SH:  0    Dex: 16    Spells: 3/3 levels left

rFire    . . .     SeeInvis .   a - +1 hand crossbow
rCold    . . .     Gourm    .   (shield restricted)
rNeg     . . .     Faith    .   c - +0 leather armour
rPois    .         Spirit   .   (no helmet)
rElec    .         Reflect  .   (no cloak)
rCorr    .         Harm     .   (no gloves)
MR       .....                  (no boots)
Stlth    ++........             (no amulet)
HPRegen  0.09/turn              (no ring)
MPRegen  0.09/turn              (no ring)

@: no status effects
A: small, carnivore
a: no special abilities


You were on level 2 of the Dungeon.
You were completely stuffed.

You visited 1 branch of the dungeon, and saw 2 of its levels.

You collected 72 gold pieces.

Inventory:

Hand Weapons
 a - a +1 hand crossbow (weapon)
 b - a +0 short sword
Missiles
 d - 41 bolts (quivered)
 h - 59 arrows
 j - 51 stones
 m - 13 poisoned darts
Armour
 c - a +0 leather armour (worn)
Scrolls
 e - 2 scrolls of remove curse {unknown}
 k - a scroll of amnesia {unknown}
 l - a scroll of identify {unknown}
 n - a scroll of teleportation {unknown}
 o - a scroll of enchant armour {unknown}
Potions
 g - a potion of might {unknown}
 i - 2 potions of brilliance {unknown}
Comestibles
 f - 5 rations


   Skills:
 + Level 2.7 Fighting
 * Level 2.4 Short Blades
 * Level 5.5 Crossbows
 + Level 3.0 Dodging
 + Level 2.3 Stealth


You had 3 spell levels left.
You didn't know any spells.
Your spell library was empty.

Dungeon Overview and Level Annotations

Branches:
Dungeon (2/15)

Altars:


Innate Abilities, Weirdness & Mutations

You are small and have problems with some larger weapons.
You are carnivorous and can eat meat at any time.


Message History

Press: ? - help, Shift-Dir - straight line, f/p - gnoll
Aim: a gnoll, wielding a +0 spear (heavily wounded)
You shoot a bolt. The bolt hits the gnoll.
The gnoll is almost dead.
The gnoll hits you from afar with a +0 spear.
Firing (i - inventory. (/) - cycle)
d - 43 bolts (quivered)
Press: ? - help, Shift-Dir - straight line, f/p - gnoll
Aim: a gnoll, wielding a +0 spear (almost dead)
You shoot a bolt. The bolt hits the goblin!
You kill the goblin!
The gnoll hits you from afar with a +0 spear.
The gnoll hits you from afar with a +0 spear!
* * * LOW HITPOINT WARNING * * *
Firing (i - inventory. (/) - cycle)
d - 42 bolts (quivered)
Press: ? - help, Shift-Dir - straight line, f/p - gnoll
Aim: a gnoll, wielding a +0 spear (almost dead)
You shoot a bolt. The bolt closely misses the gnoll.
The bolt hits the worm!
The worm is severely wounded.
The gnoll hits you from afar with a +0 spear!
You die...

#######.........
#######.## #.# ####.##
##...... . ##...#.##
..(####### ##......#
....[(...######.......#
#.@..............#
#)#.######.......#
gg.#.#######.....##
..(w##............##
...(.. ##############
...(.. .(... g.... # #


You could see a worm, 2 gnolls and a hobgoblin.

Vanquished Creatures
  A gnoll (D:2)
  3 adders (D:2)
  2 worms (D:2)
  2 leopard geckos
  2 giant cockroaches
  3 goblins
  5 hobgoblins
  5 kobolds
  6 bats
  3 frilled lizards (D:1)
  2 rats (D:1)
34 creatures vanquished.

Notes
Turn   | Place    | Note
-------+----------+-------------------------------------------
     0 | D:1      | Doobh the Kobold Hunter began the quest for the Orb.
     0 | D:1      | Reached XP level 1. HP: 12/12 MP: 1/1
   169 | D:1      | Reached skill level 1 in Short Blades
   173 | D:1      | Reached XP level 2. HP: 17/17 MP: 2/2
   266 | D:1      | Reached skill level 5 in Crossbows
   952 | D:2      | Reached XP level 3. HP: 22/22 MP: 3/3
  1309 | D:2      | Reached XP level 4. HP: 27/27 MP: 4/4
  1482 | D:2      | HP: 1/27 [gnoll/+0 spear (11)]
  1483 | D:2      | Mangled by a gnoll

Levels and vault maps discovered:
D:1:      nagdon_arrival_zigzag_paths, layout_basic, hangedman_decor_growths,
          minmay_pentomino_z2
D:2:      layout_loops_ring, first_ration, dk_vineyard_2

Skill      XL: |  1  2  3  4 |
---------------+-------------+-----
Short Blades   | 1 2 |  2.4
Crossbows      | 5 |  5.5
Stealth        | 2 |  2.3
Dodging        | 3 |  3.0
Fighting       | |  2.7

Action                   |  1- 3 |  4- 6 || total
-------------------------+-------+-------++-------
Melee: Short sword       |    31 |       ||    31
 Fire: Hand crossbow     |    55 |    19 ||    74
  Use: Potion            |     2 |       ||     2
 Stab: Sleeping          |     1 |       ||     1
  Eat: Chunk             |    10 |       ||    10
Armor: Leather armour    |     5 |       ||     5
Dodge: Dodged            |    37 |     5 ||    42
